 Dungeon Crawl Stone Soup version 0.30-a0-953-g5f1da4a474 (webtiles) character file.

Game seed: 10821399221004156228

93 voltaire321 the Conjurer (level 4, -1/33 (34) HPs)
             Began as a Demonspawn Reaver on Mar 29, 2023.
             Slain by a kobold
             ... wielding a +0 club
              (2 damage)
             ... on level 2 of the Dungeon.
             The game lasted 00:05:59 (1413 turns).

voltaire321 the Conjurer (Demonspawn Reaver)        Turns: 1413, Time: 00:05:59

HP:   -1/33 (34)    AC:  6    Str: 15    XL:     4   Next: 37%
MP:   7/7           EV: 12    Int: 14    God:
Gold: 45            SH:  0    Dex: 13    Spells: 7/8 levels left

rFire   . . .      SeeInvis .    a - +0 falchion
rCold   . . .      Faith    .    (no shield)
rNeg    . . .      Spirit   .    b - +0 leather armour
rPois   .          Reflect  .    (no helmet)
rElec   .          Rampage  .    l - +1 cloak {Will+}
rCorr   .                        (no gloves)
Will    +....                    h - +0 pair of boots
Stlth   ++                       (no amulet)
HPRegen 0.25/turn                (no ring)
MPRegen 0.10/turn                (no ring)

@: lightly drained
A: thin skeletal structure 1, demonic magic 1
a: no special abilities


You were on level 2 of the Dungeon.
You visited 1 branch of the dungeon, and saw 2 of its levels.

You collected 115 gold pieces.
You spent 70 gold pieces at shops.

Inventory:

Hand Weapons
 a - a +0 falchion (weapon)
Armour
 b - a +0 leather armour (worn)
 h - a +0 pair of boots (worn)
 l - a +1 cloak of willpower (worn)
Scrolls
 d - 4 scrolls of identify
 f - a scroll of enchant armour {unknown}
 g - a scroll of blinking {unknown}
 i - a scroll of immolation {unknown}
 m - 2 scrolls of teleportation
 n - a scroll of vulnerability {unknown}
Potions
 c - 3 potions of mutation {unknown}
 e - a potion of cancellation {unknown}
 j - a potion of might {unknown}
 k - a potion of magic {unknown}


   Skills:
 + Level 2.5 Fighting
 + Level 3.2 Long Blades
 + Level 1.2 Armour
 + Level 2.3 Dodging
 + Level 2.5 Spellcasting
 + Level 3.4 Conjurations


You had 7 spell levels left.
You knew the following spells:

 Your Spells              Type           Power      Damage    Failure   Level
a - Kiss of Death         Conj/Necr      24%        2d7       14%         1

Your spell library contained the following spells:

 Spells                   Type           Power      Damage    Failure   Level
 Momentum Strike          Conj/Tloc      12%        3d8       21%         2
 Sublimation of Blood     Necr           1%         N/A       38%         2
 Hailstorm                Conj/Ice       6%         3d4       38%         3
 Petrify                  Tmut/Erth      1%         N/A       95%         4
 Irradiate                Conj/Tmut      3%         3d12      98%         5


Dungeon Overview and Level Annotations

Branches:
Dungeon (2/15)

Altars:

Shops:
D:2 :(?[


Innate Abilities, Weirdness & Mutations

You have a somewhat thin skeletal structure. (Dex +2, Stealth+)
Spells you cast may paralyse adjacent enemies.


Message History

You feel sick.
The frilled lizard bites you but does no damage.
The kobold misses you. The hobgoblin barely misses you.
You barely miss the frilled lizard.
You feel sick.
The frilled lizard bites you but does no damage.
The kobold closely misses you. The hobgoblin hits you.
* * * LOW HITPOINT WARNING * * *
You hit the frilled lizard but do no damage.
You feel sick.
You are no longer poisoned.
The frilled lizard barely misses you. The kobold hits you but does no damage.
The hobgoblin closely misses you.
You hit the hobgoblin.
The hobgoblin is severely wounded.
The frilled lizard barely misses you. The kobold hits you with a +0 club.
* * * LOW HITPOINT WARNING * * *
The hobgoblin misses you.
You hit the hobgoblin but do no damage.
The hobgoblin is severely wounded.
The frilled lizard misses you. The kobold barely misses you.
The hobgoblin hits you but does no damage. x2
The frilled lizard bites you.
* * * LOW HITPOINT WARNING * * *
The kobold hits you but does no damage.
You closely miss the hobgoblin.
The hobgoblin is severely wounded.
The frilled lizard bites you.
* * * LOW HITPOINT WARNING * * *
The kobold hits you with a +0 club.
* * * LOW HITPOINT WARNING * * *
The hobgoblin barely misses you.
You closely miss the hobgoblin.
The hobgoblin is severely wounded.
The frilled lizard misses you. The kobold closely misses you.
The hobgoblin misses you.
You barely miss the hobgoblin.
The hobgoblin is severely wounded.
The frilled lizard bites you but does no damage.
The kobold hits you with a +0 club.
You die...

(# ♣.♣♣ ## ♣♣.♣
.##### ##)##
###...... #...#
......... #...#
#[....... #..)#
#........ ## #####
#...<.!.. .#
#####gl...... ##
##....@K...... #
######........!....
#
##.......#####.#####
##..##..#.# ...
..........# #.#
..#.####.### ..#
♣#.##.# #.# ##
......####.#
∩♣######...#


You could see a hobgoblin, a kobold and a frilled lizard.

Vanquished Creatures
  Crazy Yiuf (D:2)
  3 adders (D:2)
  7 bats
  2 endoplasms
  A giant cockroach (D:1)
  4 goblins
  A hobgoblin (D:1)
  4 jackals (D:2)
  3 kobolds (D:1)
  3 ball pythons
  4 frilled lizards
  6 rats
39 creatures vanquished.

Vanquished Creatures (others)
  5 plants (D:1)
5 creatures vanquished.

Grand Total: 44 creatures vanquished

Notes
Turn   | Place    | Note
-------+----------+-------------------------------------------
     0 | D:1      | voltaire321 the Demonspawn Reaver began the quest for the
                  | Orb.
     0 | D:1      | Reached XP level 1. HP: 16/16 MP: 3/3
    97 | D:1      | Gained mutation: Spells you cast may paralyse adjacent
                  | enemies. [demonic ancestry]
    97 | D:1      | Reached XP level 2. HP: 18/22 MP: 5/5
   778 | D:2      | Reached XP level 3. HP: 23/25 MP: 4/6
   848 | D:2      | Found Edghe's Book Shoppe.
   910 | D:2      | Found a runed translucent door.
   911 | D:2      | Noticed Crazy Yiuf
   920 | D:2      | Killed Crazy Yiuf
   921 | D:2      | Reached skill level 1 in Armour
  1139 | D:2      | Found Lecam's Armour Boutique.
  1158 | D:2      | Found Wiex's Magic Scroll Emporium.
  1165 | D:2      | Bought a scroll of teleportation for 42 gold pieces
  1165 | D:2      | Bought a scroll of identify for 28 gold pieces
  1179 | D:2      | Found Peazxim's Weapon Shop.
  1186 | D:2      | Gained mutation: You have a somewhat thin skeletal
                  | structure. (Dex +2, Stealth+) [demonic ancestry]
  1186 | D:2      | Reached XP level 4. HP: 30/31 MP: 7/7
  1411 | D:2      | HP: 1/33 [kobold/+0 club (2)]
  1413 | D:2      | Slain by a kobold

Illustrated notes

Levels and vault maps discovered:
D:1:      roderic_crop_circles_arrival_small, layout_loops_ring
D:2:      minmay_spotlight, layout_rooms, serial_shops, shop_scrolls, shop,
          nicolae_shop_trees, shop_statue, uniq_crazy_yiuf_cottage

Skill      XL: |  1  2  3 |
---------------+----------+-----
Dodging        | 2 |  2.3
Long Blades    | 3 |  3.2
Armour         | 1 |  1.2
Fighting       | |  2.5
Spellcasting   | |  2.5
Conjurations   | |  3.4

Action                     |  1- 3 |  4- 6 || total
---------------------------+-------+-------++-------
  Melee: Falchion          |    89 |    56 ||   145
         Punch             |       |     1 ||     1
   Cast: Kiss of Death     |     2 |       ||     2
   Stab: Sleeping          |     1 |       ||     1
         Paralysed         |     4 |       ||     4
 Armour: Leather armour    |    42 |    43 ||    85
  Dodge: Dodged            |    66 |    56 ||   122

Table legend: (Time is in decaauts)
 A = Elapsed time spent in this place.
 B = Non-inter-level travel time spent in this place.
 C = Inter-level travel time spent in this place.
 D = Time resting spent in this place.
 E = Time spent auto-exploring this place.
 F = Levels seen in this place.
 G = Mean time per level.
                   A        B        C        D        E       F      G
               +--------+--------+--------+--------+--------+-----+--------+
         Total |   1434 |   1406 |     28 |    149 |    845 |   2 |  717.0 |
       Dungeon |   1434 |   1406 |     28 |    149 |    845 |   2 |  717.0 |
               +--------+--------+--------+--------+--------+-----+--------+

Top non-repeatable levels by time:
     D:1: 783 daAuts
     D:2: 651 daAuts
